 Dungeon Crawl Stone Soup version 0.30-a0-793-g160f7cfddd (webtiles) character file.

Game seed: 3441667864065062392

73 Sabo the Cleaver (level 4, -6/34 HPs)
             Began as a Gnoll Wanderer on Feb 19, 2023.
             Mangled by a black bear (7 damage)
             ... on level 4 of the Dungeon on Feb 20, 2023.
             The game lasted 00:14:53 (3338 turns).

Sabo the Cleaver (Gnoll Wanderer)                   Turns: 3338, Time: 00:14:54

Health: -6/34      AC:  2    Str:  9    XL:     4   Next: 27%
Magic:  8/8        EV: 12    Int: 13    God:
Gold:   184        SH:  0    Dex: 14    Spells: 8/9 levels left

rFire   . . .      SeeInvis .    a - +3 hand axe
rCold   . . .      Faith    .    (no shield)
rNeg    . . .      Spirit   .    c - +0 robe
rPois   .          Reflect  .    (no helmet)
rElec   .          Harm     .    (no cloak)
rCorr   .          Rampage  .    (no gloves)
Will    .....                    (no boots)
Stlth   ++                       (no amulet)
HPRegen 0.25/turn                (no ring)
MPRegen 0.11/turn                (no ring)

@: no status effects
A: fangs 1, strong nose, distributed training
a: no special abilities


You were on level 4 of the Dungeon.
You visited 1 branch of the dungeon, and saw 4 of its levels.

You collected 184 gold pieces.

Inventory:

Hand Weapons
 a - a +3 hand axe (weapon)
 m - a +0 sling
Missiles
 e - 6 curare-tipped darts
 h - 12 poisoned darts (quivered)
Armour
 c - a +0 robe (worn)
Jewellery
 f - an amulet of faith
Wands
 g - a wand of flame (29)
Scrolls
 d - a scroll of fog
 j - a scroll of amnesia
 n - a scroll of teleportation
Potions
 b - 2 potions of curing
 i - a potion of might
 l - a potion of cancellation
 p - 2 potions of heal wounds


   Skills:
 + Level 2.7 Fighting
 + Level 1.1 Short Blades
 + Level 1.1 Long Blades
 + Level 10.4 Axes
 + Level 1.1 Maces & Flails
 + Level 1.1 Polearms
 + Level 1.1 Staves
 + Level 1.1 Ranged Weapons
 + Level 2.7 Throwing
 + Level 1.1 Armour
 + Level 1.1 Dodging
 + Level 1.1 Stealth
 + Level 1.1 Shields
 + Level 1.1 Unarmed Combat
 + Level 3.0 Spellcasting
 + Level 0.9 Conjurations
 + Level 0.9 Hexes
 + Level 3.8 Summonings
 + Level 0.9 Necromancy
 + Level 0.9 Translocations
 + Level 0.9 Transmutations
 + Level 0.9 Fire Magic
 + Level 0.9 Ice Magic
 + Level 0.9 Air Magic
 + Level 0.9 Earth Magic
 + Level 0.9 Poison Magic
 + Level 1.2 Invocations
 + Level 1.1 Evocations


You had 8 spell levels left.
You knew the following spells:

 Your Spells              Type           Power      Damage    Failure   Level
a - Summon Small Mammal   Summ           48%        N/A       4%          1

Your spell library contained the following spells:

 Spells                   Type           Power      Damage    Failure   Level
 Summon Guardian Golem    Hex/Summ       8%         N/A       26%         3
 Freezing Cloud           Conj/Ice/Air   2%         6-21      99%         5
 Simulacrum               Ice/Necr       2%         N/A       100%        6
 Polar Vortex             Ice            2%         N/A       100%        9


Dungeon Overview and Level Annotations

Branches:
Dungeon (4/15)
 Temple: D:4-7

Altars:


Innate Abilities, Weirdness & Mutations

You have very sharp teeth.
Your uncanny sense of smell can sniff out nearby items.
Your experience applies equally to all skills.


Message History

The ball python closely misses you. The ball python barely misses you.
You hit the ball python.
You kill the ball python!
Found a stone staircase leading down.
An endoplasm comes into view.
A black bear comes into view.
The black bear growls angrily.
The endoplasm quivers.
You see here a wand of flame (14).
You hit the endoplasm.
You kill the endoplasm!
You hit the black bear but do no damage.
You bite the black bear, but do no damage.
The black bear bites you. The black bear barely misses you.
The black bear misses you.
You slash the black bear!
The black bear is moderately wounded.
The black bear bites you. The black bear barely misses you.
The black bear claws you.
You slash the black bear!
The black bear is heavily wounded.
You completely miss the black bear.
The black bear is heavily wounded.
The black bear barely misses you. The black bear claws you. x2
You slash the black bear!
You bite the black bear, but do no damage.
The black bear is almost dead.
The black bear goes berserk!
You barely miss the black bear.
The black bear is almost dead.
The black bear bites you!
* * * LOW HITPOINT WARNING * * *
The black bear claws you!
* * * LOW HITPOINT WARNING * * *
The black bear claws you.
* * * LOW HITPOINT WARNING * * *
You hit the black bear. Your punch misses the black bear.
The black bear is almost dead.
The black bear bites you!
You die...

... ....+ .... ....#
....### #....# ...
#..... #....# ....
#..... #....####...>
#..... #............
##.....####...........
......h@/..........#
...................#
...................#
...................#
#.....#######'#........
#.....#...<...#####....
#.....+.......# ...
#.....######### .. #


You could see a black bear (berserk).

Vanquished Creatures
  A gnoll (D:1)
  3 adders (D:2)
  4 ball pythons
  5 endoplasms
  A giant cockroach (D:2)
  5 goblins
  4 hobgoblins
  2 jackals (D:2)
  4 bats
  A frilled lizard (D:2)
  2 kobolds
  3 rats (D:2)
35 creatures vanquished.

Notes
Turn   | Place    | Note
-------+----------+-------------------------------------------
     0 | D:1      | Reached skill level 10 in Axes
     0 | D:1      | Sabo the Gnoll Wanderer began the quest for the Orb.
     0 | D:1      | Sabo set off with the following items: a +3 hand axe, a
                  | potion of curing, a +0 robe; and the following spell
                  | memorised: Summon Small Mammal; and the following spells
                  | available to memorise: Summon Guardian Golem.
     0 | D:1      | Reached XP level 1. HP: 17/17 MP: 4/4
    94 | D:1      | Reached XP level 2. HP: 4/23 MP: 5/5
  1435 | D:2      | Reached XP level 3. HP: 28/28 MP: 7/7
  1532 | D:2      | Reached skill level 1 in Invocations
  1802 | D:2      | Reached skill level 1 in Short Blades
  1802 | D:2      | Reached skill level 1 in Long Blades
  1802 | D:2      | Reached skill level 1 in Maces & Flails
  1802 | D:2      | Reached skill level 1 in Polearms
  1802 | D:2      | Reached skill level 1 in Staves
  1802 | D:2      | Reached skill level 1 in Ranged Weapons
  1802 | D:2      | Reached skill level 1 in Armour
  1802 | D:2      | Reached skill level 1 in Dodging
  1802 | D:2      | Reached skill level 1 in Stealth
  1802 | D:2      | Reached skill level 1 in Shields
  1802 | D:2      | Reached skill level 1 in Unarmed Combat
  1802 | D:2      | Reached skill level 1 in Evocations
  2062 | D:2      | Reached XP level 4. HP: 34/34 MP: 8/8
  3328 | D:4      | Noticed a black bear
  3337 | D:4      | HP: 1/34 [black bear (2)]
  3338 | D:4      | Mangled by a black bear

Illustrated notes

Levels and vault maps discovered:
D:1:      lightli_arrival_flooded_house, layout_basic, minmay_pentomino_u4
D:2:      layout_loops_ring
D:3:      layout_basic, minmay_misc_feat_four_crosses
D:4:      layout_gridville, pdpol_wu_jian_five_deadly_venoms,
          nicolae_yredelemnul_corpse_copse,
          nicolae_ossuary_entry_false_entrances

Skill      XL: |  1  2  3 |
---------------+----------+-----
Axes           | | 10.4
Invocations    | 1 |  1.2
Short Blades   | 1 |  1.1
Long Blades    | 1 |  1.1
Maces & Flails | 1 |  1.1
Polearms       | 1 |  1.1
Staves         | 1 |  1.1
Ranged Weapons | 1 |  1.1
Armour         | 1 |  1.1
Dodging        | 1 |  1.1
Stealth        | 1 |  1.1
Shields        | 1 |  1.1
Unarmed Combat | 1 |  1.1
Evocations     | 1 |  1.1
Spellcasting   | 3 |  3.0
Fighting       | |  2.7
Throwing       | |  2.7
Conjurations   | |  0.9
Hexes          | |  0.9
Summonings     | |  3.8
Necromancy     | |  0.9
Translocations | |  0.9
Transmutations | |  0.9
Fire Magic     | |  0.9
Ice Magic      | |  0.9
Air Magic      | |  0.9
Earth Magic    | |  0.9
Poison Magic   | |  0.9

Action                     |  1- 3 |  4- 6 || total
---------------------------+-------+-------++-------
  Melee: Hand axe          |    75 |    16 ||    91
         Bite              |     2 |     2 ||     4
    Use: Scroll            |     4 |     4 ||     8
   Stab: Sleeping          |     3 |       ||     3
 Armour: Robe              |    14 |       ||    14
  Dodge: Dodged            |    29 |     8 ||    37

Table legend: (Time is in decaauts)
 A = Elapsed time spent in this place.
 B = Non-inter-level travel time spent in this place.
 C = Inter-level travel time spent in this place.
 D = Time resting spent in this place.
 E = Time spent auto-exploring this place.
 F = Levels seen in this place.
 G = Mean time per level.
                   A        B        C        D        E       F      G
               +--------+--------+--------+--------+--------+-----+--------+
         Total |   3320 |   3320 |      0 |    407 |     25 |   4 |  830.0 |
       Dungeon |   3320 |   3320 |      0 |    407 |     25 |   4 |  830.0 |
               +--------+--------+--------+--------+--------+-----+--------+

Top non-repeatable levels by time:
     D:1: 1400 daAuts
     D:3: 1059 daAuts
     D:2: 834 daAuts
     D:4: 26 daAuts
